Map: Winter's Gate LE

Players

FeverNight - Winner!

  • Race: Zerg Zerg
  • League: Platinum
  • Spawn Location: 5:00

pHARM

  • Race: Zerg Zerg
  • League: Platinum
  • Spawn Location: 11:00

VOD

Have the link to the VOD?

Description

Time

  • Played on: Sept. 2, 2019, 7:28 p.m.
  • Length: 12:21
Show
View Real Time Build Order
Export as new Build Order

FeverNight Zerg - Winner!

Build Orders: Hatch First, Roach Hydra 

Get SALT Encoding   

  12  0:00  Drone  
  13  0:14  Overlord  
  13  0:16  Drone  
  14  0:36  Drone x2  
  14  0:38  Drone  
  17  0:56  Drone, Hatchery  
  17  0:59  Extractor  
  17  1:01  Drone  
  17  1:17  Spawning Pool  
  16  1:30  Drone x2  
  16  1:32  Drone  
  19  1:45  Overlord  
  19  1:55  Drone  
  20  2:04  Queen  
  20  2:08  Metabolic Boost  
  22  2:09  Queen  
  22  2:13  Zergling x2  
  25  2:16  Zergling x2  
  25  2:20  Drone  
  28  2:22  Zergling x2  
  28  2:30  Zergling x2  
  28  2:35  Drone  
  28  2:36  Drone  
  31  2:42  Drone  
  32  2:58  Drone x2  
  34  2:59  Drone  
  34  3:02  Lair  
  35  3:06  Drone  
  35  3:07  Roach Warren  
  35  3:20  Drone  
  35  3:21  Overlord x2  
  36  3:40  Drone x6  
  42  3:51  Roach  
  44  4:02  Roach, Extractor  
  47  4:03  Roach x3  
  47  4:07  Overlord x2  
  51  4:17  Pneumatized Carapace  
  51  4:22  Extractor  
  51  4:23  Extractor  
  49  4:26  Roach  
  49  4:27  Drone x4, Roach  
  49  4:28  Roach  
  49  4:29  Overlord  
  59  4:34  Drone  
  60  4:46  Glial Reconstitution  
  62  4:53  Overlord, Roach  
  62  4:57  Drone  
  62  4:58  Drone x5  
  68  5:08  Evolution Chamber  
  67  5:21  Roach x6  
  79  5:44  Roach  
  79  5:45  Overlord x5, Roach  
  79  5:46  Overlord  
  83  6:04  Roach x2  
  83  6:05  Roach x3  
  93  6:19  Roach  
  93  6:20  Roach  
  97  6:30  Roach x4  
  97  6:31  Roach  
  104  6:36  Hatchery  
  104  6:39  Roach x4  
  110  6:46  Roach  
  110  6:47  Roach  
  114  6:59  Queen  
  116  7:02  Zerg Missile Weapons Level 1  
  116  7:08  Evolution Chamber  
  116  7:13  Hydralisk Den  
  114  7:20  Roach x6  
  126  7:27  Overlord  
  126  7:28  Overlord x2  
  126  7:32  Roach x2  
  126  7:33  Overlord  
  130  7:46  Zerg Ground Armor Level 1  
  130  7:50  Grooved Spines  
  130  7:56  Drone  
  130  7:57  Drone x5  
  136  8:09  Hydralisk  
  136  8:10  Hydralisk x3  
  144  8:24  Drone x5  
  144  8:25  Drone x3  
  152  8:41  Drone  
  152  8:42  Drone x5  
  152  8:45  Extractor  
  152  8:47  Extractor  
  152  8:48  Hydralisk x4  
  164  9:01  Muscular Augments  
  164  9:13  Hydralisk x2  
  164  9:15  Overlord x3  
  168  9:17  Zerg Missile Weapons Level 2  
  168  9:22  Overlord x4  
  168  9:35  Infestation Pit  
  167  9:41  Zerg Ground Armor Level 2  
  167  9:45  Hatchery  
  167  9:47  Hydralisk  
  167  9:48  Hydralisk x6  
  180  10:09  Hatchery  
  179  10:23  Hydralisk  
  179  10:24  Hydralisk x9  
  165  10:43  Hydralisk  
  165  10:44  Hydralisk x6  
  145  11:24  Roach x2  
  145  11:25  Roach x9  
Show
View Real Time Build Order
Export as new Build Order

pHARM Zerg 

Build Orders: Hatch First, Roach Hydra 

Get SALT Encoding   

  12  0:02  Drone  
  13  0:18  Overlord  
  13  0:19  Drone  
  14  0:37  Drone x2  
  16  0:57  Drone x2  
  17  1:02  Hatchery  
  17  1:11  Spawning Pool  
  16  1:13  Drone  
  17  1:20  Drone  
  18  1:34  Drone  
  18  1:37  Extractor  
  18  1:43  Drone  
  19  1:58  Queen  
  21  2:04  Drone  
  21  2:07  Overlord  
  22  2:13  Queen  
  24  2:18  Drone  
  24  2:19  Overlord  
  24  2:20  Drone  
  26  2:29  Drone x2  
  28  2:43  Queen  
  30  2:54  Drone x4  
  34  3:09  Drone  
  34  3:10  Drone x2  
  37  3:14  Overlord  
  37  3:15  Overlord  
  37  3:25  Evolution Chamber  
  36  3:28  Roach Warren  
  36  3:34  Evolution Chamber  
  34  3:37  Drone x8  
  34  3:39  Baneling Nest  
  41  3:51  Zerg Missile Weapons Level 1  
  43  3:57  Pneumatized Carapace  
  43  4:02  Lair  
  41  4:06  Extractor  
  41  4:07  Extractor  
  39  4:12  Drone x2  
  39  4:13  Drone x6  
  47  4:35  Drone  
  48  4:42  Overlord x3  
  48  5:02  Glial Reconstitution  
  48  5:13  Hatchery  
  47  5:16  Roach  
  47  5:17  Roach x7  
  63  5:28  Overlord x2  
  63  5:41  Roach x2  
  67  5:59  Zerg Missile Weapons Level 2  
  67  6:01  Zerg Ground Armor Level 1  
  67  6:03  Roach x6  
  79  6:05  Overlord  
  79  6:06  Overlord  
  79  6:26  Drone  
  79  6:27  Drone x4  
  84  6:37  Roach  
  84  6:38  Roach x7  
  104  6:47  Roach x3  
  106  6:56  Overlord x2  
  106  7:06  Extractor  
  105  7:11  Hydralisk Den  
  104  7:23  Drone x8  
  112  7:45  Extractor  
  112  7:46  Extractor  
  112  7:47  Grooved Spines  
  110  7:55  Zerg Ground Armor Level 2  
  110  8:00  Drone x9  
  119  8:16  Drone  
  120  8:22  Drone x2  
  120  8:26  Overlord x3  
  122  8:28  Zerg Melee Weapons Level 1  
  122  8:45  Hydralisk x12  
  122  8:46  Hydralisk  
  148  8:53  Overlord  
  148  8:54  Overlord x2  
  148  8:58  Muscular Augments  
  148  9:01  Overlord x2  
  148  9:18  Hatchery  
  147  9:28  Hydralisk x12  
  147  9:29  Hydralisk x2  
  175  10:19  Infestation Pit  
  168  10:38  Roach  
  168  10:39  Roach x18  
  168  10:40  Overlord x3, Roach  
  156  10:48  Roach x2  
  156  10:49  Roach x3  
  128  10:56  Roach x3  
  122  11:07  Hive  
  122  11:09  Infestor  
  122  11:10  Roach x2  
  122  11:11  Roach x3  
  124  11:20  Roach x3  
  104  11:26  Roach x4  
  92  11:36  Roach  
  92  11:37  Roach x4  
  98  11:44  Roach  
  98  11:45  Roach x4  
  102  11:51  Roach  
  102  11:52  Roach x3  
Tags
 
Add a new tag
Caveats
  • Supply blocks, unpowered buildings, or Contaminate may cause inaccurate times.
  • Supply counts are checked every 10 seconds.